 Dungeon Crawl Stone Soup version 0.13-a0-2301-g23820b6 (webtiles) character file.

328685 Infinimo the Devastator (level 21, -9/132 (134) HPs)
             Began as a High Elf Conjurer on July 4, 2013.
             Was the Champion of Vehumet.
             Mangled by a jiangshi (21 damage)
             ... led by a vampire mage
             ... on Level 2 of the Crypt on July 8, 2013.
             The game lasted 04:18:44 (68070 turns).

Infinimo the Devastator (High Elf Conjurer)        Turns: 68070, Time: 04:18:45

HP  -9/132 (134) AC 15     Str  8      XL: 21   Next: 32%
MP  28/44        EV 20     Int 33      God: Vehumet [******]
Gold 4069        SH  9     Dex 19      Spells: 12 memorised, 15 levels left

Res.Fire  : . . .   See Invis. : +   r - staff of cold
Res.Cold  : + . .   Warding    : +   x - +2 robe {MR+}
Life Prot.: + . .   Conserve   : .   e - +0 elf buckler
Res.Poison: .       Res.Corr.  : .   d - +2 wizard hat {Int+3}
Res.Elec. : .       Clarity    : .   y - +2 dwarf cloak
Sust.Abil.: . .     Spirit.Shd : .   N - +2 pair of dwarf gauntlets
Res.Mut.  : .       Stasis     : .   q - +2 pair of boots
Res.Rott. : .       Flight     : .   K - amulet of warding
Saprovore : . . .                    C - +3 ring of intelligence
                                     s - ring of see invisible

@: about to teleport, very resistant to hostile enchantments, fairly stealthy
A: no striking features
a: Renounce Religion


You were on level 2 of the Crypt.
You worshipped Vehumet.
Vehumet was exalted by your worship.
You were not hungry.

You visited 5 branches of the dungeon, and saw 38 of its levels.
You also visited: Labyrinth, Trove, Bailey and Ice Cave.

You collected 5798 gold pieces.
You spent 1749 gold pieces at shops.

Inventory:

Hand weapons
 h - a +0,+0 battleaxe of freezing
Armour
 d - a +2 wizard hat of intelligence (worn)
 e - a +0 elven buckler (worn)
 q - a +2 pair of boots (worn)
 x - a +2 robe of magic resistance (worn)
 y - a +2 dwarven cloak (worn)
 N - a +2 pair of dwarven gauntlets (worn)
Magical devices
 w - a wand of heal wounds (4)
 E - a wand of disintegration (6)
 I - a wand of teleportation (5)
Comestibles
 b - 5 bread rations
 o - a sausage
 F - a pear
 L - 6 grapes
 P - 8 sultanas
Scrolls
 a - 3 scrolls of blinking
 c - 4 scrolls of identify
 i - 3 scrolls of remove curse
 j - a scroll of enchant weapon I
 p - 3 scrolls of fog
 z - 2 scrolls of fear
 D - 4 scrolls of teleportation
Jewellery
 k - a +4 ring of protection
 m - a cursed ring of teleportation
 n - an uncursed ring of teleport control
 s - a ring of see invisible (left hand)
 u - an uncursed ring of ice
 B - an uncursed ring of magical power
 C - a +3 ring of intelligence (right hand)
 K - an amulet of warding (around neck)
Potions
 f - 9 potions of heal wounds
 l - a potion of resistance
 t - 3 potions of speed
 v - 3 potions of magic
 A - 6 potions of restore abilities
 M - 11 potions of curing
Books
 g - a book of Wizardry

   Spells                             Type                      Level
   Summon Elemental                   Summoning                    4
   Agony                              Necromancy                   5
   Lightning Bolt                     Conjuration/Air              5
   Fireball                           Conjuration/Fire             5
   *Haste                             Charms                       6
   Invisibility                       Hexes                        6
Magical staves
 r - an uncursed staff of cold (weapon)


   Skills:
 - Level 10.2 Fighting
 - Level 10.0 Dodging
 - Level 2.1 Stealth
 - Level 1.0 Shields
 - Level 3.3 Traps
 - Level 20.0 Spellcasting
 + Level 23.4 Conjurations
 - Level 10.0 Charms
 + Level 21.4 Ice Magic


You had 15 spell levels left.
You knew the following spells:

 Your Spells              Type           Power        Failure   Level  Hunger
a - Magic Dart            Conj           ####         0%          1    None
b - Iskenderun's Battles  Conj/Chrm      #######.     0%          4    None
c - Iskenderun's Mystic   Conj           ########     0%          4    None
d - Summon Butterflies    Summ           ####....     1%          1    None
e - Conjure Flame         Conj/Fire      ######..     1%          3    None
f - Freezing Cloud        Conj/Ice/Air   ########..   1%          6    None
g - Blink                 Tloc           N/A          1%          2    None
h - Apportation           Tloc           ####......   1%          1    None
i - Bolt of Cold          Conj/Ice       ########..   1%          6    None
j - Repel Missiles        Chrm/Air       ######....   1%          2    None
k - Ice Storm             Conj/Ice       ########..   4%          9    ######.
l - Haste                 Chrm           #######.     2%          6    None


Dungeon Overview and Level Annotations

Branches:
Dungeon (19/27) Temple (0/1) D:5 Orc (4/4) D:7 Elf (0/3) Orc:4 Lair (8/8) D:13 Swamp (0/5) Lair:5 Shoals (0/5) Lair:4 Spider (0/5) Lair:4 Slime (0/6) Lair:7 Lair:8 Vaults (5/5) D:19 Blade (0/1) Vaults:3 Crypt (2/5) Vaults:3 Tomb: Crypt:2-3

Altars:
Cheibriados
Elyvilon
Fedhas
Kikubaaqudgha
Makhleb
Nemelex Xobeh
Sif Muna
Trog
Vehumet
Zin
the Shining One
Jiyva

Shops:
D:4: (* D:7: / D:10: % D:12: * Orc:2: * Orc:3: % Orc:4: ([*+ Vaults:2: } Vaults:3: (*

Portals:
Hell: Lair:8


Message History

Aim: a jiangshi (lightly damaged)
Okay, then.
Casting: Ice Storm
Confirm with . or Enter, or press ? or * to list all spells.
You conjure a globe of magical energy.
The jiangshi claws you!
* * * LOW HITPOINT WARNING * * *
Unknown command.
Read which item? (? for menu, Esc to quit)
As you read the scroll of teleportation, it crumbles to dust.
You feel strangely unstable. The jiangshi claws you!
* * * LOW HITPOINT WARNING * * *
The jiangshi draws strength from your injuries!
Drink which item? (? for menu, Esc to quit)
You feel much better. You block the jiangshi's attack. The jiangshi claws you!
* * * LOW HITPOINT WARNING * * *
The jiangshi draws strength from your injuries!
You block the jiangshi's attack. The jiangshi claws you.
* * * LOW HITPOINT WARNING * * *
The jiangshi claws you!
You die...

####.# ...#.# ##.#.# ##.#.#
.....# .#..## .#..# #####
....# ######..*####### ###.#
#......@V......#
###.######.####..V####).....#
........>..# ##### ..###.#
####..##.#.# ..#
####..##.#.## ...
............######## .#.#
###.....##..##.....# ....
........##..##.....# ##>#
...................#


You could see 2 jiangshi.

Vanquished Creatures
  Saint Roka (D:19)
  Norris (Vaults:3)
  Jory (Vaults:4)
  Sojobo (Crypt:1)
  Xtahua (Vaults:4)
  A tentacled monstrosity (Vaults:2)
  A lich (Vaults:3)
  3 tengu reavers
  Frances (Vaults:4)
  Aizul (Vaults:3)
  2 frost giants
  Donald (Vaults:3)
  A frost giant (shapeshifter) (Vaults:1)
  11 vault wardens
  3 ancient champions
  Gastronok (Orc:1)
  8 stone giants
  A revenant (Crypt:1)
  2 orc warlords (Orc:4)
  A fire giant (Vaults:3)
  Wiglaf (Crypt:1)
  A curse skull (Crypt:2)
  Jorgrun (Crypt:2)
  A storm dragon zombie (Vaults:3)
  An ettin (Vaults:4)
  27 vault guards
  A minotaur (Lab)
  An eidolon (Crypt:2)
  9 yaktaur captains
  3 great orbs of eyes
  3 dragons
  A dragon (shapeshifter) (D:18)
  Fannar (D:12)
  3 storm dragon skeletons
  9 ironheart preservers
  12 ogre magi
  4 deep troll shamans
  9 hydras
  A spriggan druid (Lair:6)
  3 deep troll earth magi (Vaults:4)
  A wolf spider zombie (D:18)
  A ravenous feature mimic (Vaults:2)
  2 dancing weapons (Vaults:3)
  5 jiangshi (Crypt:1)
  A shadow dragon skeleton (Vaults:4)
  4 sphinx skeletons
  3 stone giant zombies
  6 very ugly things
  2 orc high priests
  17 deep trolls
  An ice dragon (Vaults:4)
  10 stone giant skeletons
  A sun demon (Lair:8)
  4 frost giant skeletons
  19 skeletal warriors
  A deep dwarf death knight (Crypt:2)
  3 deep elf knights
  A plague shambler (Crypt:1)
  28 centaur warriors
  2 vampire magi
  3 iron trolls
  An iron troll (shapeshifter) (D:16)
  An anaconda zombie (Crypt:1)
  Erolcha (Orc:1)
  2 unseen horrors
  19 orc knights
  3 giant amoebae
  7 necromancers
  2 wizards
  22 hill giants
  8 orc sorcerers
  Pikel (D:8)
  A shadow dragon zombie (Crypt:1)
  A flaming corpse (Crypt:1)
  The ghost of 4tharraofdagon the Arsonist, an experienced DjFE of Vehumet (D:12)
  15 ironbrand convokers
  A lindwurm (Lair:8)
  Joseph (Orc:1)
  The ghost of Drahman the Covered, an experienced DsFi of Okawaru (D:6)
  An iron troll skeleton (Vaults:3)
  5 harpies
  7 griffons
  10 vault sentinels
  An oklob plant (D:14)
  A fire crab (Vaults:1)
  A hydra zombie (D:17)
  4 wolf spiders
  11 cyclopes
  A red wasp (Vaults:4)
  3 spiny worms
  6 phantasmal warriors
  A fire crab (shapeshifter) (D:18)
  A shadow dragon simulacrum (Vaults:3)
  6 black mambas
  13 spiny frogs
  An elephant slug (Lair:8)
  A wind drake (shapeshifter) (D:17)
  A griffon zombie (D:18)
  A yaktaur (shapeshifter) (D:15)
  2 ettin skeletons
  A spiny worm zombie (D:17)
  A slime creature (shapeshifter) (D:18)
  9 hellwings (Lair:8)
  An orange demon (Lair:8)
  2 feature mimics
  22 yaktaurs
  10 elephants
  A hill giant zombie (D:9)
  81 ugly things
  A dire elephant skeleton (Crypt:1)
  33 slime creatures
  Psyche (D:8)
  A human (D:12)
  An iron troll zombie (Crypt:2)
  A pale draconian skeleton (Crypt:1)
  A harpy simulacrum (D:19)
  A komodo dragon (shapeshifter) (Vaults:3)
  10 komodo dragons
  A red devil (Orc:4)
  37 two-headed ogres
  A polar bear (Lair:7)
  2 ancient bear skeletons (Crypt:1)
  16 trolls
  A human (shapeshifter) (D:18)
  A smoke demon (Lair:8)
  Prince Ribbit (D:7)
  A deep troll zombie (Vaults:1)
  A silent spectre (Crypt:1)
  An iron troll simulacrum (Vaults:1)
  A moth of wrath (shapeshifter) (Crypt:1)
  A snapping turtle (Lair:4)
  A red wasp simulacrum (D:18)
  18 blink frogs
  A catoblepas skeleton (Crypt:2)
  A hydra skeleton (Crypt:1)
  A minotaur skeleton (Crypt:1)
  A deep troll skeleton (D:18)
  An elf (shapeshifter) (Vaults:3)
  A jumping spider (shapeshifter) (Vaults:2)
  A sphinx simulacrum (Crypt:1)
  13 wraiths
  An octopode (shapeshifter) (Vaults:3)
  A grizzly bear (Lair:6)
  7 basilisks
  5 shadows
  4 vampires
  4 wyverns
  A spriggan zombie (Crypt:2)
  68 yaks
  2 air elementals (Crypt:1)
  10 fire elementals (D:16)
  10 redbacks (Vaults:3)
  A dire elephant simulacrum (Crypt:1)
  A redback (shapeshifter) (Vaults:4)
  2 deep elf conjurers (Vaults:1)
  8 trapdoor spiders
  2 wind drake zombies
  An ancient bear simulacrum (Crypt:1)
  8 hippogriffs
  19 vampire mosquitoes
  2 fire drakes (Lair:8)
  4 hungry ghosts
  2 rock worms
  A deep elf summoner (Vaults:4)
  3 deep elf fighters
  15 wolves
  4 manticores
  A faun zombie (Crypt:1)
  Edmund (D:6)
  3 boulder beetles
  3 soldier ants
  2 elf zombies (D:11)
  2 yaktaur skeletons
  4 dryad zombies (Crypt:1)
  Menkaure (D:7)
  A dryad skeleton (Crypt:1)
  4 necrophages
  A kobold demonologist (Vaults:2)
  4 freezing wraiths
  A giant amoeba simulacrum (Crypt:1)
  A faun skeleton (Crypt:1)
  8 ice beasts
  12 porcupines
  5 mottled dragons
  An ice beast (shapeshifter) (D:18)
  3 sky beasts
  A wyvern skeleton (D:7)
  2 yellow wasps
  4 lost souls
  64 orc warriors
  2 black bears
  3 troll zombies
  A hippogriff zombie (D:10)
  A blink frog skeleton (Crypt:1)
  A slave (D:8)
  3 boring beetles
  A rotting devil (Lair:8)
  83 ogres
  3 phantoms
  A yak skeleton (D:8)
  5 human zombies (D:11)
  A troll skeleton (D:14)
  7 giant goldfish
  A spiny worm simulacrum (Crypt:1)
  12 wargs
  12 crocodiles
  Sigmund (D:4)
  A deep elf mage (Vaults:1)
  A boring beetle zombie (D:18)
  A big kobold (shapeshifter) (Vaults:3)
  2 brain worms
  13 giant slugs
  31 centaurs
  A gnoll sergeant (D:10)
  A yaktaur zombie (Crypt:1)
  17 giant frogs
  3 big kobolds
  A giant frog skeleton (D:5)
  9 agate snails
  11 water moccasins
  A two-headed ogre zombie (D:15)
  3 centaur skeletons
  A glowing shapeshifter simulacrum (Crypt:1)
  A two-headed ogre skeleton (D:13)
  A water moccasin skeleton (D:9)
  3 eyes of draining
  A yak zombie (Crypt:1)
  5 electric eels
  A jellyfish (D:10)
  22 wights
  30 killer bees
  2 pulsating lumps (Lair:7)
  A wolf zombie (Crypt:1)
  A yaktaur simulacrum (Crypt:1)
  2 big kobold zombies
  12 crimson imps
  7 ogre zombies (D:7)
  2 big kobold skeletons
  3 goliath beetles
  4 big fish
  A gnoll shaman (D:8)
  A mottled dragon zombie (D:15)
  2 hound skeletons
  An ogre skeleton (D:11)
  6 scorpions
  11 hounds
  24 orc priests
  6 iguanas
  6 worker ants
  4 deep elf soldiers
  43 orc wizards
  22 sheep
  Ijyb (D:4)
  Jessica (D:3)
  A worm zombie (D:7)
  A deep dwarf skeleton (Crypt:1)
  17 boggarts
  A demonspawn skeleton (Crypt:1)
  2 jellies
  10 gnolls
  3 mummies
  16 adders
  A scorpion zombie (D:11)
  53 green rats
  6 giant centipedes
  An inept feature mimic (D:6)
  A giant mite (D:8)
  An adder skeleton (D:4)
  2 iguana skeletons
  7 worms
  A giant eyeball (D:5)
  6 giant geckos
  205 orcs
  A giant cockroach (D:2)
  23 hobgoblins
  34 jackals
  14 quokkas
  26 bats
  A giant cockroach zombie (Crypt:1)
  5 giant newts
  2 giant spores
  39 goblins
  2 goblin skeletons (D:7)
  2 goblin zombies (D:7)
  A hobgoblin skeleton (D:9)
  2 hobgoblin zombies
  47 kobolds
  A kobold zombie (D:5)
  3 orc skeletons
  15 orc zombies
  14 rats
  5 ballistomycetes
  A bush (D:19)
  2 fungi (Orc:4)
2050 creatures vanquished.

Vanquished Creatures (others)
  A stone giant zombie (Vaults:3)
  An unseen horror (Vaults:1)
  A necromancer (Crypt:1)
  An ettin skeleton (Crypt:2)
  A brain worm (Vaults:2)
  A water moccasin (Lair:5)
  An adder (Lair:6)
  3 orcs
  A giant newt (Lair:1)
  A goblin skeleton (D:7)
  A goblin zombie (D:7)
  An orc skeleton (D:7)
  An orc zombie (D:7)
  5 fungi
  2 plants
22 creatures vanquished.

Grand Total: 2072 creatures vanquished

Notes
Turn   | Place    | Note
--------------------------------------------------------------
     0 | D:1      | Infinimo, the High Elf Conjurer, began the quest for the Orb.
     0 | D:1      | Reached XP level 1. HP: 11/11 MP: 4/4
    60 | D:1      | Zorafm: Got the orb of zot before?
   195 | D:1      | Infinimo: yeahg
   195 | D:1      | Infinimo: 4-runed once and 15-runed once
   195 | D:1      | Infinimo: got 15 runes another time then died in zot 5 haha
   251 | D:1      | Zorafm: You need four right?
   273 | D:1      | Infinimo: 3
   295 | D:1      | Infinimo: but i was abyssed so i grabbed that one too when i 4-runed
   386 | D:1      | Zorafm: Xom is fun if you want a quick game too
   456 | D:1      | Reached XP level 2. HP: 17/17 MP: 3/6
   604 | D:1      | Infinimo: sorry to keep stopping, facebook conversation heh
  1304 | D:2      | Infinimo: never won a spellcaster i always die in zot
  1304 | D:2      | Infinimo: not zot
  1304 | D:2      | Infinimo: vaults
  1304 | D:2      | Infinimo: i'm dumb
  1484 | D:2      | Zorafm: It's also a pain to get food all the time for wizards
  1484 | D:2      | Reached XP level 3. HP: 21/21 MP: 9/9
  1485 | D:2      | Infinimo: get your spam spell hungerless
  1754 | D:2      | Infinimo: that's why i like mummies though, you can spam whatever you want as soon as it's castable
  1754 | D:2      | Infinimo: their apts suck though
  1799 | D:2      | Found a radiant altar of Vehumet.
  1840 | D:2      | Became a worshipper of Vehumet
  1959 | D:2      | Reached XP level 4. HP: 27/27 MP: 10/13
  2423 | D:3      | Noticed a giant frog
  2428 | D:3      | Killed a giant frog
  2428 | D:3      | Reached skill level 5 in Spellcasting
  2428 | D:3      | Reached XP level 5. HP: 28/31 MP: 10/16
  2704 | D:3      | Noticed Jessica
  2707 | D:3      | Killed Jessica
  2716 | D:3      | Reached skill level 6 in Spellcasting
  2734 | D:3      | Infinimo: whoops i trained wayyyy too much spellcasting heh
  2739 | D:3      | Learned a level 4 spell: Iskenderun's Battlesphere
  2744 | D:3      | Learned a level 4 spell: Iskenderun's Mystic Blast
  2897 | D:3      | Acquired Vehumet's first power
  2897 | D:3      | Offered knowledge of Freeze by Vehumet.
  2950 | D:3      | Zorafm: So it's only good to train skills one at a time?
  2999 | D:3      | Infinimo: one or two, imo
  3338 | D:4      | Reached skill level 1 in Charms
  3585 | D:4      | Noticed Ijyb
  3610 | D:4      | Killed Ijyb
  3610 | D:4      | Reached XP level 6. HP: 30/36 MP: 8/20
  3728 | D:4      | Offered knowledge of Throw Flame by Vehumet.
  3786 | D:4      | Reached skill level 5 in Conjurations
  3846 | D:4      | Infinimo: BATTLESPHERE
  3857 | D:4      | Found Truaquf's Assorted Antiques.
  3868 | D:4      | Bought a scroll labeled CAM GHUARCHUI for 26 gold pieces
  3868 | D:4      | Bought a scroll labeled CAM GHUARCHUI for 26 gold pieces
  3868 | D:4      | Bought a scroll labeled THRIMU MAHAU for 26 gold pieces
  3879 | D:4      | LoliCatgirl: >high elf
  3880 | D:4      | LoliCatgirl: >not a gladiator
  3880 | D:4      | Zorafm: Also I never have luck finding spellbooks
  3880 | D:4      | LoliCatgirl: u scrube?
  3943 | D:4      | Found Stepopo's Weapon Shop.
  4007 | D:4      | Noticed Sigmund
  4014 | D:4      | Killed Sigmund
  4051 | D:4      | Infinimo: that's why conjurers own their starting book is good enough to finish lair
  4054 | D:5      | Entered Level 5 of the Dungeon
  4163 | D:5      | Found a staircase to the Ecumenical Temple.
  4232 | D:5      | Reached XP level 7. HP: 29/41 MP: 14/21
  4534 | D:5      | Zorafm: Any tips for ranged weapons?
  4586 | D:5      | Infinimo: don't use them imo
  4586 | D:5      | Infinimo: you are basically forced to train melee to conserve ammo for the first 1/3 of the game
  4586 | D:5      | Infinimo: it's annoying as shit
  4633 | D:5      | Infinimo: just use magic you get infinite ammo
  4955 | D:5      | Reached skill level 5 in Charms
  4980 | D:5      | Zorafm: Agh those snails are annoying
  5128 | D:5      | Reached skill level 7 in Conjurations
  5191 | D:5      | Found a snail-covered altar of Cheibriados.
  5297 | D:6      | Offered knowledge of Mephitic Cloud by Vehumet.
  5302 | D:6      | Learned a level 3 spell: Mephitic Cloud
  5332 | D:6      | Reached XP level 8. HP: 41/46 MP: 18/23
  5392 | D:6      | LoliCatgirl: Which magic are you working on?
  5415 | D:6      | Zorafm: Oh I didn't know sif could give you spells
  5421 | D:6      | Zorafm: That's neat
  5421 | D:6      | Infinimo: i am veh now
  5421 | D:6      | LoliCatgirl: Because you know that in crawl
  5421 | D:6      | Infinimo: sif gives you books
  5421 | D:6      | LoliCatgirl: There's utility magic and then there's wind magic
  5421 | D:6      | LoliCatgirl: And nothing else worth raising
  5421 | D:6      | Infinimo: just conj atm
  5421 | D:6      | Infinimo: prob going for one of the storms
  5489 | D:6      | Reached skill level 8 in Conjurations
  5558 | D:6      | LoliCatgirl: >Vehumet
  5675 | D:6      | Infinimo: stop with the greentext shit ugh
  5690 | D:6      | LoliCatgirl: not a very hipter choice
  5690 | D:6      | Infinimo: this isnt 4chan
  5710 | D:6      | Acquired Vehumet's second power
  5779 | D:6      | Noticed Edmund
  5788 | D:6      | Killed Edmund
  5880 | D:6      | Infinimo: hooray
  5950 | D:6      | Noticed Drahman's ghost (experienced DsFi)
  5955 | D:6      | Killed Drahman's ghost
  5955 | D:6      | Reached skill level 9 in Conjurations
  6112 | D:6      | Zorafm: Wow
  6115 | D:6      | Reached skill level 10 in Conjurations
  6116 | D:6      | Zorafm: It exploded
  6142 | D:6      | LoliCatgirl: Ashenzari is the best god.
  6142 | D:6      | Reached XP level 9. HP: 38/51 MP: 16/24
  6143 | D:6      | Infinimo: that was IMB zorafm,
  6163 | D:6      | Reached XP level 8. HP: 31/46 MP: 9/23
  6417 | D:6      | Offered knowledge of Inner Flame by Vehumet.
  6589 | D:7      | Reached XP level 9. HP: 51/51 MP: 18/24
  6637 | D:7      | Reached skill level 11 in Conjurations
  6894 | D:7      | Noticed Menkaure
  6900 | D:7      | Killed Menkaure
  6909 | D:7      | Zorafm: Does it matter when you eat food?
  6977 | D:7      | Infinimo: don't fight while starving
  6977 | D:7      | Infinimo: other than that, no
  6981 | D:7      | Reached skill level 12 in Conjurations
  7088 | D:7      | Acquired Vehumet's third power
  7118 | D:7      | Found a staircase to the Orcish Mines.
  7197 | D:7      | Offered knowledge of Conjure Flame by Vehumet.
  7233 | D:7      | Learned a level 3 spell: Conjure Flame
  7456 | D:7      | Noticed Prince Ribbit
  7460 | D:7      | Killed Prince Ribbit
  7569 | D:7      | Found a flagged portal.
  7574 | Bailey   | Entered a bailey
  7580 | Bailey   | Noticed an orc knight
  7677 | Bailey   | Infinimo: wrong one heh
  7690 | Bailey   | Reached skill level 13 in Conjurations
  7756 | Bailey   | Reached XP level 10. HP: 45/55 MP: 21/26
  7869 | Bailey   | Infinimo: livin'' on the edge
  7890 | Bailey   | Offered knowledge of Freezing Cloud by Vehumet.
  7891 | Bailey   | Zorafm: I like using axes if I'm a fighter
  7904 | Bailey   | Infinimo: wtf 1% miscast and it happens twice in a row, NOW of all times
  7904 | Bailey   | Infinimo: fucks sake
  7917 | Bailey   | Zorafm: *laugh
  7980 | Bailey   | Infinimo: where'd that asshole go
  8018 | Bailey   | Killed an orc knight
  8018 | Bailey   | Reached skill level 14 in Conjurations
  8026 | Bailey   | Infinimo: if only i was melee
  8156 | Bailey   | Got a thick robe
  8157 | Bailey   | Infinimo: that works
  8162 | Bailey   | Identified the cursed -1 robe of the Iron Devil {+Blink Int-1 Dam+4} (You found it in a bailey)
  8162 | Bailey   | Infinimo: or not
  8253 | D:7      | Infinimo: hrm
  8253 | D:7      | Bruce: learn it
  8260 | D:7      | Learned a level 6 spell: Freezing Cloud
  8278 | D:7      | Found Shrel's Magical Wand Boutique.
  8554 | D:4      | Bought a long jewelled staff for 312 gold pieces
  8558 | D:4      | Infinimo: hooray
  8716 | D:7      | Reached skill level 1 in Ice Magic
  9286 | D:8      | Found a deep blue altar of Sif Muna.
  9304 | D:8      | Zorafm: I find the downloaded tile version a lot easier to use
  9332 | D:8      | Infinimo: it's offline though
  9332 | D:8      | Infinimo: so it doesn't count
  9361 | D:8      | Zorafm: Yeah
  9399 | D:8      | Found a white marble altar of Elyvilon.
  9400 | D:8      | Found a sparkling altar of Nemelex Xobeh.
  9426 | D:8      | Reached skill level 5 in Ice Magic
  9566 | D:8      | Noticed Psyche
  9570 | D:8      | Killed Psyche
 10069 | D:8      | Zorafm: Man what is it about bees in 2d games
 10110 | D:8      | Noticed Pikel
 10117 | D:8      | Zorafm: Oh not this guy
 10118 | D:8      | Killed Pikel
 10121 | D:8      | Infinimo: say "*fart
 10202 | D:8      | Zorafm: Heh
 10493 | D:9      | Offered knowledge of Lightning Bolt by Vehumet.
 10567 | D:9      | Reached XP level 11. HP: 58/60 MP: 24/27
 10957 | D:10     | Entered Level 10 of the Dungeon
 10957 | D:10     | Found Archaab's Food Shoppe.
 11085 | D:10     | Reached skill level 10 in Ice Magic
 11268 | D:10     | Found a blossoming altar of Fedhas.
 11531 | D:10     | Noticed a hill giant
 11534 | D:10     | Killed a hill giant
 12857 | D:11     | Infinimo: hate this corridor, so dull
 12976 | D:11     | Found an ancient bone altar of Kikubaaqudgha.
 13135 | D:11     | Zorafm: You're doing good so far
 13197 | D:11     | Infinimo: not bad, no books though
 13254 | D:11     | Infinimo: yay
 13556 | D:11     | Zorafm: Is the wand skill any good?
 13614 | D:11     | Infinimo: not for wands
 13614 | D:11     | Infinimo: but it is for um... staves of channeling and stuff
 13614 | D:11     | Infinimo: i think
 13802 | D:11     | Infinimo: maybe nemelex decks? idk
 13802 | D:11     | Zorafm: P useless overall though?
 13804 | D:11     | Infinimo: yeah
 14095 | D:12     | Noticed a hill giant
 14100 | D:12     | Killed a hill giant
 14115 | D:12     | Noticed Fannar
 14125 | D:12     | Killed Fannar
 14125 | D:12     | Zorafm: I still don't understand how yaks are stronger then some of the other monsters you would think would bee stronger.
 14125 | D:12     | Reached XP level 12. HP: 60/65 MP: 2/28
 14216 | D:12     | Infinimo: because magic vOv
 14281 | D:12     | Noticed 4tharraofdagon's ghost (experienced DjFE)
 14295 | D:12     | Killed 4tharraofdagon's ghost
 14720 | D:12     | Found a glowing silver altar of Zin.
 14722 | D:12     | Found Keer's Hallowed Reliquary.
 14724 | D:12     | Noticed an angel
 14731 | D:12     | Infinimo: rad
 14868 | D:12     | Zorafm: Are holy word scrolls good?
 14879 | D:12     | Infinimo: eh
 14879 | D:12     | Infinimo: by the time you're fighting demons a lot, not really imo
 14879 | D:12     | Infinimo: never really tried much though
 14879 | D:12     | Infinimo: cure mut potions are super useful though
 14901 | D:12     | Zorafm: FOOD
 15017 | D:13     | Zorafm: Yeah this is about where I've gone
 15121 | D:13     | Zorafm: Died at level 13
 15354 | D:13     | Bruce: freezing cloud?
 15489 | D:13     | Offered knowledge of Orb of Destruction by Vehumet.
 15517 | D:13     | Infinimo: fuck
 15517 | D:13     | Infinimo: no bolt of cold for me i think
 15717 | D:13     | Zorafm: Is the battlespire the orb thing?
 15731 | D:13     | Infinimo: yeah
 16070 | D:13     | Zorafm: Can you find hidden things in walls with the dig wands?
 16071 | D:13     | Infinimo: not just random walls
 16071 | D:13     | Infinimo: but you can dig through between rooms
 16075 | D:13     | Found a staircase to the Lair.
 16214 | D:13     | Infinimo: fuck boggarts
 16342 | D:13     | Zorafm: Oh not those things
 16421 | D:13     | Infinimo: i am going to reconnect it usually fixes the lag for a while
 16421 | D:13     | Infinimo: brb
 16431 | D:13     | Noticed a centaur warrior
 16432 | D:13     | Infinimo: wow
 16435 | D:13     | Killed a centaur warrior
 16641 | D:13     | Infinimo: ahh this is so much better
 16922 | D:14     | Entered Level 14 of the Dungeon
 16927 | D:13     | Infinimo: whoops
 16927 | D:13     | Infinimo: lair time
 16987 | Lair:1   | Entered Level 1 of the Lair of Beasts
 17045 | Lair:1   | Learned a level 1 spell: Summon Butterflies
 17048 | Lair:1   | Learned a level 2 spell: Blink
 17050 | Lair:1   | Learned a level 1 spell: Apportation
 17577 | Lair:1   | Reached skill level 10 in Spellcasting
 18200 | Lair:2   | Zorafm: Did you know that the komodo dragon will kill you if you get one bite by it, not because it has posion, but by how dirty the mouth is. Basically the bacteria will kill you.
 18235 | Lair:2   | Got an ancient bardiche
 18236 | Lair:2   | Identified the cursed bardiche "Shiych" {speed, rC+} (You found it on level 2 of the Lair of Beasts)
 18237 | Lair:2   | Infinimo: yeah
 18237 | Lair:2   | Infinimo: goddamn a bardiche of speed
 18237 | Lair:2   | Infinimo: really wish i was melee now, cripes
 18238 | Lair:2   | Infinimo: -2 apt welp
 18325 | Lair:2   | Noticed an eight-headed hydra
 18331 | Lair:2   | Killed an eight-headed hydra
 18647 | Lair:2   | Infinimo: maybe if i end up 15 runing i will come back for it
 19171 | Lair:2   | Offered knowledge of Bolt of Cold by Vehumet.
 19172 | Lair:2   | Infinimo: wooo
 19194 | Lair:2   | Learned a level 6 spell: Bolt of Cold
 19194 | Lair:2   | Infinimo: ily vehumet
 19726 | Lair:1   | Infinimo: never knew there was a book there welp
 20173 | D:8      | Identified Sif Muna's Volume of Conjuration (You found it on level 8 of the Dungeon)
 20175 | D:8      | Infinimo: wow
 20176 | D:8      | Zorafm: Anything good from it?
 20183 | D:8      | Infinimo: sting
 20183 | D:8      | Infinimo: and nothing else
 20183 | D:8      | Infinimo: fff
 20586 | Lair:3   | Reached XP level 13. HP: 57/70 MP: 23/35
 21374 | Lair:4   | Infinimo: ugh my health isn't showing up under me
 21374 | Lair:4   | Infinimo: be right back
 21376 | Lair:4   | Found a staircase to the Shoals.
 21551 | Lair:4   | Found a hole to the Spider Nest.
 22753 | Lair:5   | Reached skill level 15 in Spellcasting
 22757 | Lair:5   | Offered knowledge of Poisonous Cloud by Vehumet.
 23280 | Lair:5   | Reached skill level 1 in Traps
 23876 | Lair:5   | Found a staircase to the Swamp.
 24626 | Lair:6   | Zorafm: Alright I'm back
 24765 | Lair:6   | Reached skill level 15 in Conjurations
 25100 | Lair:7   | Infinimo: hi
 25104 | Lair:7   | Zorafm: Hello
 25172 | Lair:7   | Offered knowledge of Iron Shot by Vehumet.
 25215 | Lair:7   | Found a staircase to the Slime Pits.
 25265 | Lair:7   | Reached skill level 15 in Ice Magic
 25546 | Lair:7   | Zorafm: Gonna try this rougelike called caves of qud, I'll still be watching but I'm playing at the same time
 25550 | Lair:7   | Infinimo: you don't have to watch i don't mind
 25550 | Lair:7   | Infinimo: i was just letting you know in case you wanted to
 26550 | Lair:8   | Entered Level 8 of the Lair of Beasts
 26652 | Lair:8   | Noticed an eight-headed hydra
 26661 | Lair:8   | Killed an eight-headed hydra
 27129 | Lair:8   | Reached XP level 14. HP: 66/75 MP: 29/36
 27198 | Lair:8   | Offered knowledge of Bolt of Draining by Vehumet.
 27288 | Lair:8   | Reached skill level 16 in Conjurations
 27593 | Lair:8   | Found a viscous altar of Jiyva.
 27594 | Lair:8   | Found a staircase to the Slime Pits.
 27962 | Lair:8   | Zorafm: Why is the slime god even a thing
 27990 | Lair:8   | Infinimo: jiyva is fun
 28009 | Lair:8   | Infinimo: fukkin owned
 28088 | Lair:8   | Infinimo: one shotting drakes hehhh
 28360 | Lair:8   | Noticed a five-headed hydra
 28366 | Lair:8   | Killed a five-headed hydra
 28534 | Lair:8   | Found a burning altar of Makhleb.
 28818 | Lair:8   | Reached skill level 17 in Conjurations
 29136 | Lair:8   | Noticed a four-headed hydra
 29142 | Lair:8   | Killed a four-headed hydra
 29353 | Lair:8   | Found a gateway to Hell.
 30063 | Orc:1    | Entered Level 1 of the Orcish Mines
 30162 | Orc:1    | Noticed Gastronok
 30175 | Orc:1    | Killed Gastronok
 30221 | Orc:1    | Infinimo: rad
 30247 | Orc:1    | Infinimo: i put on my robe and wizard hat
 30498 | Orc:1    | Noticed Joseph
 30504 | Orc:1    | Killed Joseph
 31054 | Orc:1    | Noticed Erolcha
 31055 | Orc:1    | Offered knowledge of Lehudib's Crystal Spear by Vehumet.
 31055 | Orc:1    | Offered knowledge of Ice Storm by Vehumet.
 31055 | Orc:1    | Offered knowledge of Shatter by Vehumet.
 31057 | Orc:1    | Infinimo: woo
 31057 | Orc:1    | Killed Erolcha
 31074 | Orc:1    | Learned a level 2 spell: Repel Missiles
 31186 | Orc:1    | Learned a level 9 spell: Ice Storm
 31384 | Orc:2    | Reached skill level 18 in Conjurations
 31750 | Orc:2    | Found Styney's Assorted Antiques.
 31771 | Orc:2    | Bought a lead wand for 580 gold pieces
 31771 | Orc:2    | Bought a scroll labeled DUOCUI RAIDDE for 29 gold pieces
 31771 | Orc:2    | Bought a scroll of identify for 58 gold pieces
 31970 | Orc:2    | Zorafm: In the orc mines now?
 31973 | Orc:2    | Infinimo: yeah
 32281 | Orc:3    | Found Qied's Food Boutique.
 32637 | Orc:4    | Entered Level 4 of the Orcish Mines
 32637 | Orc:4    | Found a bloodstained altar of Trog.
 32899 | Orc:4    | Found a staircase to the Elven Halls.
 32900 | Orc:4    | Found Qonink's Antique Weapon Shop.
 32978 | Orc:4    | Noticed an orc warlord
 32981 | Orc:4    | Killed an orc warlord
 33074 | Orc:4    | Found a frozen archway.
 33083 | IceCv    | Entered an ice cave
 33121 | Orc:4    | Infinimo: this will miscast
 33121 | Orc:4    | Infinimo: fuck it
 33126 | Orc:4    | Reached XP level 15. HP: 30/80 MP: 27/37
 33127 | Orc:4    | Infinimo: :(
 33377 | Orc:4    | Found Uleutsaq's General Store.
 33385 | Orc:4    | Bought a scroll of teleportation for 54 gold pieces
 33466 | Orc:4    | Zorafm: Ahh well
 33466 | Orc:4    | Zorafm: I'm tired
 33466 | Orc:4    | Infinimo: welp its getting light + i can hear birds outside
 33466 | Orc:4    | Infinimo: i'd better sleep
 33466 | Orc:4    | Infinimo: heh
 33466 | Orc:4    | Infinimo: later
 33466 | Orc:4    | Zorafm: Bye
 33466 | Orc:4    | Upgraded the game from 0.13-a0-2214-g11ebcbd to 0.13-a0-2236-g7be3fc8
 33523 | Orc:4    | Found Quxoliwuata's Antique Armour Shoppe.
 33557 | Orc:4    | Bought an embroidered orcish robe for 18 gold pieces
 33646 | Orc:4    | Noticed an orc warlord
 33765 | Orc:4    | Killed an orc warlord
 34027 | Orc:4    | Found Ilu Mano's Book Shop.
 34049 | Orc:4    | Bought a book of Wizardry for 420 gold pieces
 34730 | D:14     | Reached skill level 19 in Conjurations
 34914 | D:14     | Noticed a centaur warrior
 34922 | D:14     | Killed a centaur warrior
 35339 | D:14     | Reached skill level 5 in Dodging
 35773 | D:14     | Found a glowing golden altar of the Shining One.
 35889 | D:15     | Entered Level 15 of the Dungeon
 37210 | D:16     | Found a labyrinth entrance.
 37268 | Lab      | Entered a labyrinth
 37708 | Lab      | Got an ichor-stained robe
 37736 | D:15     | Identified the cursed -2 robe "Striopil" {rC+} (You found it in a labyrinth)
 38881 | D:16     | Gained mutation: Your muscles are flexible, but weak (Str -1, Dex +1). [potion of beneficial mutation]
 38932 | D:16     | Reached skill level 10 in Dodging
 38994 | D:16     | Found a radiant altar of Vehumet.
 40327 | D:5      | Lost mutation: Your muscles are flexible, but weak (Str -1, Dex +1). [potion of cure mutation]
 41063 | D:17     | Reached XP level 16. HP: 85/85 MP: 27/38
 41189 | D:17     | Learned a level 6 spell: Haste
 41209 | D:17     | Identified the Incunabulum of the Slime-mold
 41410 | D:17     | Identified a scroll of acquirement
 41994 | D:17     | Reached skill level 10 in Charms
 42716 | D:18     | Got a brightly glowing scimitar {venom}
 44516 | D:18     | Reached skill level 20 in Conjurations
 45023 | D:18     | Reached XP level 17. HP: 60/90 MP: 39/39
 46629 | D:19     | Noticed Saint Roka
 47103 | D:19     | Killed Saint Roka
 47778 | D:19     | Reached skill level 21 in Conjurations
 47800 | D:19     | Found a staircase to the Vaults.
 48074 | Vaults:1 | Entered Level 1 of the Vaults
 49755 | Vaults:1 | Reached XP level 18. HP: 96/96 MP: 33/40
 50768 | Vaults:1 | Reached skill level 1 in Shields
 50831 | Vaults:1 | Found a portal to a secret trove of treasure.
 51548 | Vaults:2 | Noticed a tentacled monstrosity
 51560 | Vaults:2 | Killed a tentacled monstrosity
 51855 | Trove    | Entered a treasure trove
 52041 | Trove    | Got a fine trident
 52063 | Vaults:1 | Identified the +2,+8 trident of Dodiupn {freeze, MR++} (You found it in a treasure trove)
 52503 | Vaults:2 | Reached skill level 22 in Conjurations
 52559 | Vaults:2 | Reached skill level 1 in Fighting
 52908 | Vaults:2 | Reached skill level 5 in Fighting
 53358 | Vaults:2 | Found a deep blue altar of Sif Muna.
 53406 | Vaults:2 | Found Butuygam's Gadget Emporium.
 54130 | Vaults:2 | Reached XP level 19. HP: 96/115 MP: 31/40
 54735 | Vaults:3 | Noticed Aizul
 54741 | Vaults:3 | Killed Aizul
 55239 | Vaults:3 | Found Tiurirch's Assorted Antiques.
 55246 | Vaults:3 | Bought a scroll of identify for 80 gold pieces
 55246 | Vaults:3 | Bought a scroll of teleportation for 120 gold pieces
 55596 | Vaults:3 | Noticed a lich
 55606 | Vaults:3 | Killed a lich
 55606 | Vaults:3 | Reached skill level 10 in Fighting
 55809 | Vaults:3 | Found a staircase to the Crypt.
 55962 | Vaults:3 | Noticed Donald
 55963 | Vaults:3 | Killed Donald
 56043 | Vaults:3 | Found Khodey's Weapon Shoppe.
 56315 | Vaults:3 | Noticed Norris
 56321 | Vaults:3 | Killed Norris
 57000 | Vaults:3 | Reached XP level 20. HP: 98/128 MP: 13/42
 57390 | Vaults:3 | Found a staircase to the Hall of Blades.
 58212 | Vaults:4 | Noticed Frances
 58213 | Vaults:4 | Killed Frances
 58467 | Vaults:4 | Noticed Jory
 59130 | Vaults:4 | Killed Jory
 60432 | Vaults:4 | Noticed Xtahua
 60489 | Vaults:4 | Killed Xtahua
 60764 | Vaults:4 | Reached XP level 21. HP: 40/134 MP: 30/44
 61854 | Vaults:5 | Entered Level 5 of the Vaults
 61882 | Vaults:5 | Noticed a tentacled monstrosity
 62264 | Vaults:2 | Upgraded the game from 0.13-a0-2236-g7be3fc8 to 0.13-a0-2281-ge1c0d72
 62264 | Vaults:2 | Reached XP level 20. HP: 128/128 MP: 43/44
 63569 | Crypt:1  | Entered Level 1 of the Crypt
 64627 | Crypt:1  | Noticed Sojobo
 64630 | Crypt:1  | Noticed Wiglaf
 64630 | Crypt:1  | Killed Sojobo
 64697 | Vaults:3 | Upgraded the game from 0.13-a0-2281-ge1c0d72 to 0.13-a0-2301-g23820b6
 64701 | Crypt:1  | Killed Wiglaf
 65088 | Crypt:1  | Reached XP level 21. HP: 132/132 MP: 34/44
 65091 | Crypt:1  | Reached skill level 23 in Conjurations
 66775 | Crypt:2  | Noticed Jorgrun
 66891 | Crypt:2  | Killed Jorgrun
 68069 | Crypt:2  | HP: 4/132 [jiangshi[a vampire mage] (23)]
 68070 | Crypt:2  | Mangled by a jiangshi

Action                   |  1- 3 |  4- 6 |  7- 9 | 10-12 | 13-15 | 16-18 | 19-21 || total
-------------------------+-------+-------+-------+-------+-------+-------+-------++-------
Melee: Unarmed           |     7 |       |       |       |       |       |       ||     7
       Morningstar       |       |       |     1 |       |       |       |       ||     1
       Staff             |       |       |       |    24 |    10 |     1 |    31 ||    66
       Bardiche          |       |       |       |     1 |       |       |       ||     1
       Battleaxe         |       |       |       |       |       |       |    24 ||    24
 Cast: Magic Dart        |    78 |   168 |   275 |   836 |  1303 |   812 |   699 ||  4171
       Iskenderun's Batt |       |     4 |    50 |   139 |   233 |   162 |   161 ||   749
       Iskenderun's Myst |       |       |    12 |    50 |    34 |   148 |   256 ||   500
       Conjure Flame     |       |       |       |     5 |     2 |     1 |       ||     8
       Apportation       |       |       |       |     3 |       |       |       ||     3
       Bolt of Cold      |       |       |       |     2 |    99 |    82 |    99 ||   282
       Freezing Cloud    |       |       |       |     1 |     7 |     2 |       ||    10
       Blink             |       |       |       |       |     1 |       |     6 ||     7
       Ice Storm         |       |       |       |       |       |     4 |    21 ||    25
       Repel Missiles    |       |       |       |       |       |     5 |     2 ||     7
       Haste             |       |       |       |       |       |     1 |     1 ||     2
Evoke: Wand              |       |       |       |    11 |     4 |     2 |       ||    17
  Use: Scroll            |     4 |     9 |     9 |    21 |    12 |     6 |     7 ||    68
       Potion            |       |       |     4 |     1 |     6 |     3 |     2 ||    16
 Stab: Sleeping          |       |       |       |     1 |       |       |       ||     1
